Selects Armored Support Battlegroup
Construct Light Support Kompanie
Construct Mechanized Kompanie
Panzerjäger Mechanized Group
Selects Superior Fire Drills
Selects Flammpanzer III Medium Tank
Flammpanzer III Medium Tank
Construct Panzerarmee Kommand
Walking Stuka Rocket Launcher
Marder III Tank Destroyer
Marder III Tank Destroyer
254 Reconnaissance Tractor
Marder III Tank Destroyer
Selects Stuka Anti-tank Loiter
Selects Battlefield Salvage
Walking Stuka Rocket Launcher
Marder III Tank Destroyer
Marder III Tank Destroyer
Marder III Tank Destroyer
Marder III Tank Destroyer
Marder III Tank Destroyer
Marder III Tank Destroyer
Marder III Tank Destroyer